[Event "32. Potsdamer Weihnachtsturnier"]
[Site "Potsdam"]
[Date "2007.12.28"]
[Round "4.1"]
[White "Zschäbitz, Klaus"]
[Black "Figura, Atila Gajo"]
[Result "0-1"]
[ECO "A37"]
[WhiteTitle "FM"]
[BlackTitle "FM"]
[WhiteElo "2101"]
[BlackElo "2414"]
[TimeControl "40/7200:20/3600:1800"]
[PlyCount "118"]

1. Nf3 g6 2. c4 Bg7 3. Nc3 c5 4. g3 Nc6 5. Bg2 e5 6. d3 Nge7 7. Nd2 d6 8. Nf1
Be6 9. Ne3 O-O 10. Ned5 Rb8 11. O-O a6 12. Bg5 f6 13. Bd2 h6 14. a3 b5 15. b4
bxc4 16. dxc4 cxb4 17. axb4 Nxb4 18. Qc1 Nexd5 19. Nxd5 Bxd5 20. Bxd5+ Nxd5
21. cxd5 Qb6 22. Bxh6 Rfc8 23. Qd2 Qb7 24. Ra4 Rc5 25. Rd1 Qb5 26. Rg4 Kf7
27. Be3 Rc7 28. Ra1 e4 29. Rc1 Rbc8 30. Rxc7+ Rxc7 31. Rh4 f5 32. Bh6 Qb2
33. Qxb2 Bxb2 34. Bf4 Kg7 35. Bh6+ Kg8 36. f3 Bf6 37. Rh3 Rh7 38. Kg2 exf3+
39. exf3 g5 40. g4 f4 41. Rh5 Rxh6 42. Rxh6 Kg7 43. Rh5 a5 44. h4 a4 45. hxg5
Bb2 46. Rh6 a3 47. Rxd6 a2 48. Ra6 a1=Q 49. Rxa1 Bxa1 50. Kf2 Kg6 51. Ke2 Kxg5
52. Kd3 Be5 53. Kc4 Bd6 54. Kb5 Kf6 55. Kc6 Ke5 56. g5 Bf8 57. g6 Kf6 58. d6
Kxg6 59. Kc7 Kg5 0-1

[Event "32. Potsdamer Weihnachtsturnier"]
[Site "Potsdam"]
[Date "2007.12.28"]
[Round "4.2"]
[White "Holzschuh, Stephan"]
[Black "Brüdigam, Martin"]
[Result "1/2-1/2"]
[ECO "A00"]
[WhiteElo "2297"]
[BlackElo "2197"]
[TimeControl "40/7200:20/3600:1800"]
[PlyCount "41"]

1. Nc3 d5 2. e4 dxe4 3. Nxe4 Nd7 4. Bc4 e6 5. Nf3 Ngf6 6. Nxf6+ Nxf6 7. d4 Be7
8. O-O O-O 9. Qe2 b6 10. Bg5 Bb7 11. Rad1 Nd5 12. Bc1 Qc8 13. c3 c5 14. Bd3
cxd4 15. Nxd4 Rd8 16. Rfe1 Bf6 17. Bb1 Ne7 18. Qg4 Qc5 19. Nb3 Qc7 20. Nd4 Ng6
21. Be3 1/2-1/2

[Event "32. Potsdamer Weihnachtsturnier"]
[Site "Potsdam"]
[Date "2007.12.28"]
[Round "4.3"]
[White "Reichenbach, Werner"]
[Black "Pohl, Mathias"]
[Result "1/2-1/2"]
[ECO "C43"]
[WhiteTitle "FM"]
[WhiteElo "2335"]
[BlackElo "2059"]
[TimeControl "40/7200:20/3600:1800"]
[PlyCount "108"]

1. e4 e5 2. Nf3 Nf6 3. d4 Nxe4 4. Bd3 Nc6 5. Bxe4 d5 6. Bd3 e4 7. Be2 exf3
8. Bxf3 Be7 9. O-O O-O 10. Nc3 Bd6 11. Ne2 Be6 12. c3 Ne7 13. Nf4 Ng6 14. Re1
Nxf4 15. Bxf4 c6 16. Qd2 Qd7 17. Be5 Bxe5 18. Rxe5 f6 19. Re3 Rae8 20. Rae1 Bf7
21. g3 Rxe3 22. Rxe3 Re8 23. Kg2 Be6 24. h4 Bh3+ 25. Kh2 Be6 26. Bg2 Kf7
27. Re1 Qd6 28. Qe2 Re7 29. Qh5+ Kg8 30. Re3 Bf7 31. Qe2 Rxe3 32. Qxe3 Be6
33. Bf3 Kf7 34. Bh5+ g6 35. Be2 Kg7 36. Bd3 Bd7 37. Kg2 Be6 38. Qf3 Bc8 39. Kg1
Kf7 40. h5 Kg7 41. Qh1 Bg4 42. h6+ Kf7 43. Kg2 Qe6 44. Qb1 Bh3+ 45. Kh2 Bf5
46. Qd1 Bxd3 47. Qxd3 f5 48. Qd2 Kf6 49. Qf4 g5 50. Qb8 Qe7 51. Qxa7 Qe2
52. Kg1 Qe1+ 53. Kg2 Qe4+ 54. Kh2 Qe2 1/2-1/2

[Event "32. Potsdamer Weihnachtsturnier"]
[Site "Potsdam"]
[Date "2007.12.28"]
[Round "4.4"]
[White "Rietze, Clemens"]
[Black "Mantau, Jan"]
[Result "1/2-1/2"]
[ECO "E97"]
[WhiteElo "2083"]
[BlackElo "2230"]
[TimeControl "40/7200:20/3600:1800"]
[PlyCount "41"]

1. d4 Nf6 2. c4 g6 3. Nc3 Bg7 4. e4 O-O 5. Nf3 d6 6. Be2 e5 7. O-O Nc6 8. d5
Ne7 9. b4 Nh5 10. Re1 Nf4 11. Bf1 h6 12. Ba3 f5 13. Nd2 fxe4 14. Ndxe4 Nf5
15. g3 Nh5 16. Ne2 Nf6 17. Bg2 Nxe4 18. Bxe4 Qf6 19. Rf1 h5 20. Bb2 Nh6 21. Bg2
1/2-1/2

[Event "32. Potsdamer Weihnachtsturnier"]
[Site "Potsdam"]
[Date "2007.12.28"]
[Round "4.5"]
[White "Püschel, Werner"]
[Black "Stratonowitsch, Andre"]
[Result "1/2-1/2"]
[ECO "B30"]
[WhiteElo "2177"]
[BlackElo "2008"]
[TimeControl "40/7200:20/3600:1800"]
[PlyCount "115"]

1. e4 c5 2. Nf3 Nc6 3. Bb5 e6 4. Bxc6 bxc6 5. b3 d6 6. O-O Be7 7. Bb2 e5 8. d3
Nf6 9. Nbd2 Bg4 10. h3 Bh5 11. Re1 O-O 12. c3 Re8 13. Rc1 Nd7 14. Rc2 Bf6
15. Nf1 d5 16. g4 Bg6 17. Ng3 Nf8 18. Bc1 h6 19. Be3 Ne6 20. Nf5 Qc7 21. Qc1
Nf4 22. Bxf4 exf4 23. Rce2 dxe4 24. Rxe4 Rxe4 25. Rxe4 Rd8 26. d4 cxd4 27. cxd4
Bxf5 28. gxf5 Rd5 29. Rxf4 Bg5 30. Nxg5 hxg5 31. Rg4 f6 32. h4 gxh4 33. Rxh4
Rxf5 34. Qc4+ Rd5 35. Qd3 Rg5+ 36. Kf1 Qa5 37. Qc4+ Qd5 38. Qxd5+ Rxd5 39. Ke2
g5 40. Rg4 Kf7 41. Ke3 Ke6 42. Rg1 c5 43. dxc5 Rxc5 44. Rg4 Rc3+ 45. Kd2 Rc6
46. Ra4 a6 47. Ra5 f5 48. Ke3 Rd6 49. b4 Kf6 50. Rc5 g4 51. a4 Kg5 52. b5 Re6+
53. Kd2 axb5 54. axb5 Kf4 55. Rc3 Rb6 56. Rb3 Ke4 57. Ke2 f4 58. Rb4+ 1/2-1/2

[Event "32. Potsdamer Weihnachtsturnier"]
[Site "Potsdam"]
[Date "2007.12.28"]
[Round "4.7"]
[White "Langner, Tobias"]
[Black "Schöne, Ralf"]
[Result "1/2-1/2"]
[ECO "C67"]
[BlackTitle "IM"]
[WhiteElo "2004"]
[BlackElo "2324"]
[TimeControl "40/7200:20/3600:1800"]
[PlyCount "66"]

1. e4 e5 2. Nf3 Nc6 3. Bb5 Nf6 4. O-O Nxe4 5. Re1 Nd6 6. Bxc6 dxc6 7. Nxe5 Be7
8. d4 O-O 9. Nd2 Nf5 10. Ndf3 Be6 11. Bf4 Nh4 12. Nxh4 Bxh4 13. Qd2 Re8 14. Nf3
Bf6 15. Bg5 h6 16. Bxf6 Qxf6 17. Qb4 b6 18. c4 Qf4 19. Qc3 f6 20. Re3 Bf7
21. Rae1 Rxe3 22. Rxe3 Re8 23. Rxe8+ Bxe8 24. Qe3 Qxe3 25. fxe3 Bf7 26. Nd2 Kf8
27. Kf2 a5 28. a3 g5 29. b4 axb4 30. axb4 Ke7 31. c5 Ba2 32. Kg3 Kf7 33. Ne4
Be6 1/2-1/2

[Event "32. Potsdamer Weihnachtsturnier"]
[Site "Potsdam"]
[Date "2007.12.28"]
[Round "4.8"]
[White "Bernhöft, Erhard"]
[Black "Trenner, Rolf"]
[Result "1/2-1/2"]
[ECO "A05"]
[WhiteElo "2031"]
[BlackElo "2261"]
[TimeControl "40/7200:20/3600:1800"]
[PlyCount "23"]

1. Nf3 Nf6 2. g3 b6 3. Bg2 Bb7 4. d3 e5 5. e4 d6 6. Nc3 Nbd7 7. a4 Be7 8. Nh4
Nc5 9. Nf5 O-O 10. O-O Ne6 11. f4 Nd4 12. Ne2 1/2-1/2

[Event "32. Potsdamer Weihnachtsturnier"]
[Site "Potsdam"]
[Date "2007.12.28"]
[Round "4.9"]
[White "Friedrich, Jan"]
[Black "Schirrmacher, Carsten"]
[Result "0-1"]
[ECO "D32"]
[WhiteElo "2160"]
[BlackElo "2021"]
[TimeControl "40/7200:20/3600:1800"]
[PlyCount "76"]

1. Nf3 d5 2. d4 c5 3. c4 e6 4. e3 Nc6 5. Nc3 Nf6 6. cxd5 exd5 7. Be2 Bd6
8. dxc5 Bxc5 9. O-O O-O 10. Nb5 Re8 11. b3 a6 12. Nbd4 Ne4 13. Bb2 Qd6 14. Rc1
Bb6 15. Qd3 Bc7 16. Rfd1 Bg4 17. g3 Qh6 18. Nxc6 bxc6 19. Nh4 Bd7 20. Bf3 Bb6
21. Rc2 g5 22. Ng2 Bf5 23. Qe2 Re6 24. Bg4 Bxg4 25. Qxg4 Rf8 26. Nh4 f5
27. Nxf5 Qg6 28. Nd4 Ref6 29. f4 h5 30. Qd7 gxf4 31. exf4 h4 32. Rg2 hxg3
33. hxg3 Qh5 34. Re1 Rh6 35. Rxe4 dxe4 36. Kf1 Qd1+ 37. Kf2 Qd2+ 38. Kf1 Rh1+
0-1

[Event "32. Potsdamer Weihnachtsturnier"]
[Site "Potsdam"]
[Date "2007.12.28"]
[Round "4.10"]
[White "Peschke, Uwe"]
[Black "Schilling, Florian"]
[Result "1-0"]
[ECO "A04"]
[WhiteElo "2144"]
[BlackElo "2003"]
[TimeControl "40/7200:20/3600:1800"]
[PlyCount "75"]

1. Nf3 c5 2. g3 b6 3. Bg2 Bb7 4. O-O e6 5. d3 d5 6. e4 dxe4 7. Ng5 Nf6 8. Nc3
Be7 9. Ncxe4 Nxe4 10. Nxe4 Nc6 11. h4 h6 12. h5 Qd7 13. a4 a6 14. Be3 Nd4
15. a5 b5 16. c3 Nf5 17. Bxc5 Bxe4 18. Bxe4 Rc8 19. Bxe7 Nxe7 20. d4 O-O
21. Qf3 Rc7 22. Rfe1 Rb8 23. Bd3 Rc6 24. Re5 Nd5 25. Be4 Rd6 26. Bxd5 Rxd5
27. Qf4 Rd8 28. Rae1 b4 29. Rxd5 Qxd5 30. Re5 Qb3 31. Qd2 bxc3 32. bxc3 Rd5
33. Qd3 Qa3 34. Rxd5 exd5 35. Qxa6 Qb3 36. Qc8+ Kh7 37. Qf5+ Kg8 38. Qd3 1-0

[Event "32. Potsdamer Weihnachtsturnier"]
[Site "Potsdam"]
[Date "2007.12.28"]
[Round "4.11"]
[White "Hein, Carsten"]
[Black "Sonntag, Sven"]
[Result "1-0"]
[ECO "A82"]
[WhiteElo "2133"]
[BlackElo "1894"]
[TimeControl "40/7200:20/3600:1800"]
[PlyCount "59"]

1. d4 f5 2. e4 fxe4 3. Nc3 d5 4. Qh5+ g6 5. Qxd5 Nf6 6. Qxd8+ Kxd8 7. Bg5 Nbd7
8. f3 h6 9. Bxf6 exf6 10. fxe4 Bb4 11. Ne2 Re8 12. O-O-O c6 13. a3 Bd6 14. g3
Nb6 15. e5 Be7 16. d5 fxe5 17. dxc6+ Kc7 18. Nb5+ Kxc6 19. Nec3 Bf5 20. g4 a6
21. Bg2+ e4 22. Nd4+ Kc7 23. gxf5 Bg5+ 24. Kb1 gxf5 25. Nxf5 e3 26. Nd6 e2
27. Nxe8+ Rxe8 28. Rde1 Nc4 29. Rxe2 Nd2+ 30. Ka2 1-0

[Event "32. Potsdamer Weihnachtsturnier"]
[Site "Potsdam"]
[Date "2007.12.28"]
[Round "4.12"]
[White "Hadlich, Winfried"]
[Black "Scholvin, Erich"]
[Result "1/2-1/2"]
[ECO "D02"]
[WhiteElo "1990"]
[BlackElo "2125"]
[TimeControl "40/7200:20/3600:1800"]
[PlyCount "50"]

1. Nf3 d5 2. d4 e6 3. g3 f5 4. Bg2 Nf6 5. Nbd2 Bd6 6. c4 c6 7. cxd5 cxd5
8. Ne5 O-O 9. O-O Nc6 10. Ndf3 Bd7 11. Bf4 Ne4 12. Nxc6 Bxc6 13. Bxd6 Qxd6
14. e3 Qb4 15. Qb3 Qxb3 16. axb3 Bb5 17. Rfe1 Rfc8 18. Rac1 a6 19. Bf1 Bxf1
20. Kxf1 Kf8 21. Ke2 Ke7 22. Ne5 Nf6 23. f3 Nd7 24. Nd3 Kd6 25. Kd2 g6 1/2-1/2

[Event "32. Potsdamer Weihnachtsturnier"]
[Site "Potsdam"]
[Date "2007.12.28"]
[Round "4.13"]
[White "Rackowiak, Hans"]
[Black "Prof.Schmidt, Jörg"]
[Result "0-1"]
[ECO "A48"]
[WhiteElo "1964"]
[BlackElo "2117"]
[TimeControl "40/7200:20/3600:1800"]
[PlyCount "109"]

1. d4 Nf6 2. Nf3 g6 3. Bf4 Bg7 4. h3 O-O 5. e3 c5 6. c3 b6 7. Nbd2 Bb7 8. Bc4
d5 9. Bd3 Ba6 10. Bxa6 Nxa6 11. O-O Nd7 12. Qe2 Nc7 13. Rfd1 Re8 14. Ne5 Ne6
15. Bh2 Nxe5 16. dxe5 Qc7 17. Nf3 Qc6 18. c4 dxc4 19. Qxc4 Rad8 20. a4 Rd7
21. Qc2 Red8 22. Rxd7 Qxd7 23. Bg3 Qd3 24. Qxd3 Rxd3 25. Kf1 Rb3 26. Ra2 a5
27. Nd2 Rb4 28. b3 c4 29. Nxc4 Rxb3 30. Rb2 Rxb2 31. Nxb2 Nc5 32. Ke2 e6 33. f4
f6 34. Kf3 Kf7 35. e4 fxe5 36. fxe5 Ke7 37. Bf4 Kd7 38. Ke3 Kc6 39. Kd4 b5
40. axb5+ Kxb5 41. Nc4 a4 42. Nd6+ Kc6 43. Nc4 Bf8 $11 44. Na5+ Kb5 45. Nc4
Nb3+ 46. Kc3 Bb4+ 47. Kd3 a3 48. Nxa3+ Bxa3 49. g4 Nc5+ 50. Ke3 Bc1+ 51. Kf3
Bxf4 52. Kxf4 h6 53. h4 Kc4 54. h5 g5+ 55. Ke3 0-1

[Event "32. Potsdamer Weihnachtsturnier"]
[Site "Potsdam"]
[Date "2007.12.28"]
[Round "4.14"]
[White "Schrodt, Sebastian"]
[Black "Schlüter, Bernd"]
[Result "1/2-1/2"]
[ECO "E94"]
[WhiteElo "1764"]
[BlackElo "2083"]
[TimeControl "40/7200:20/3600:1800"]
[PlyCount "63"]

1. Nf3 Nf6 2. c4 g6 3. d4 Bg7 4. Nc3 O-O 5. e4 d6 6. Be2 Na6 7. O-O e5 8. d5
Nc5 9. Qc2 a5 10. Bg5 h6 11. Be3 b6 12. Nd2 Bg4 13. Bxg4 Nxg4 14. Bxc5 bxc5
15. Nb5 Qd7 16. Qa4 f5 17. f3 Nf6 18. Nc3 Qxa4 19. Nxa4 h5 20. Rae1 Bh6 21. Rf2
Rfb8 22. b3 Bxd2 23. Rxd2 Nd7 24. Nc3 Nb6 25. Nb5 Rb7 26. a4 Nc8 27. g3 Na7
28. Rf2 Nxb5 29. cxb5 Rbb8 30. g4 hxg4 31. fxg4 f4 32. h4 1/2-1/2

[Event "32. Potsdamer Weihnachtsturnier"]
[Site "Potsdam"]
[Date "2007.12.28"]
[Round "4.16"]
[White "Schrodt, Horst"]
[Black "Schulz, Wolfgang"]
[Result "0-1"]
[ECO "D35"]
[WhiteElo "1670"]
[BlackElo "2173"]
[TimeControl "40/7200:20/3600:1800"]
[PlyCount "106"]

1. d4 d5 2. c4 c6 3. Nc3 e6 4. cxd5 exd5 5. Nf3 Nf6 6. Bg5 Nbd7 7. e3 Bd6
8. Be2 O-O 9. O-O Re8 10. Rb1 Qe7 11. Qc2 h6 12. Bh4 Nf8 13. Qa4 Bd7 14. Qc2
Bg4 15. Bg3 Bxg3 16. hxg3 Ng6 17. Nh2 Bxe2 18. Qxe2 Ne4 19. Nxe4 Qxe4 20. Nf3
f5 21. Rbc1 f4 22. gxf4 Nxf4 23. Qd1 Ng6 24. Qc2 Qg4 25. Nh2 Qe6 26. Qb3 Re7
27. Qd1 Rf8 28. Qg4 Qf6 29. Rc2 Re4 30. Qd7 Rf7 31. Qc8+ Kh7 32. Qh3 Qd6
33. Nf3 Kg8 34. Qc8+ Kh7 35. Qh3 Qd8 36. Qh5 Qf6 37. b4 Nh4 38. Ne1 Nf5 39. Nf3
g6 40. Qh3 g5 41. g4 Nd6 42. Ne5 Re7 43. Qg3 Nc4 44. Nxc4 dxc4 45. Rxc4 Qe6
46. d5 Qxd5 47. Rxe4 Qxe4 48. a3 Rd7 49. f4 Re7 50. fxg5 hxg5 51. Re1 Kg6
52. Kf2 Rf7+ 53. Ke2 Qc2# 0-1

[Event "32. Potsdamer Weihnachtsturnier"]
[Site "Potsdam"]
[Date "2007.12.28"]
[Round "4.17"]
[White "Bachran, Boris"]
[Black "Dr. Welz, Peter"]
[Result "1/2-1/2"]
[ECO "A80"]
[WhiteElo "1932"]
[BlackElo "2139"]
[TimeControl "40/7200:20/3600:1800"]
[PlyCount "89"]

1. d4 f5 2. Nf3 Nf6 3. Bf4 e6 4. c3 Be7 5. e3 O-O 6. h3 d5 7. Nbd2 Bd6 8. Ne5
Nbd7 9. Ndf3 Ne4 10. Bd3 c5 11. Qe2 Qb6 12. Nxd7 Bxd7 13. Bxd6 Nxd6 14. Ne5
Rad8 15. O-O c4 16. Bb1 Nf7 17. Nxf7 Rxf7 18. f4 Rf6 19. Qd2 Rdf8 20. Bc2 Qd8
21. Rf2 Rh6 22. Re1 Kh8 23. Rf3 g5 24. Rg3 Rg8 25. Qf2 g4 26. hxg4 fxg4 27. Kf1
Rh1+ 28. Ke2 Rxe1+ 29. Qxe1 Qf6 30. Qh1 Rg7 31. Rxg4 Be8 32. Rxg7 Qxg7 33. Qh3
Bg6 34. Bxg6 Qxg6 35. Kf2 Qc2+ 36. Kg1 Qxb2 37. Qxe6 Qxc3 38. f5 Qe1+ 39. Kh2
Qh4+ 40. Kg1 Kg7 41. Qxd5 Qe1+ 42. Kh2 c3 43. Qe5+ Kh6 44. Qf4+ Kg7 45. Qe5+
1/2-1/2

[Event "32. Potsdamer Weihnachtsturnier"]
[Site "Potsdam"]
[Date "2007.12.28"]
[Round "4.18"]
[White "Köckeritz, Dieter"]
[Black "Wiezer, Siegfried"]
[Result "0-1"]
[ECO "D04"]
[WhiteElo "1580"]
[BlackElo "2065"]
[TimeControl "40/7200:20/3600:1800"]
[PlyCount "62"]

1. Nf3 d5 2. d4 Nf6 3. e3 Bg4 4. Nbd2 Nbd7 5. h3 Bh5 6. c4 e6 7. Be2 c6 8. a3
Bd6 9. b4 O-O 10. c5 Bc7 11. Nh4 Bxe2 12. Qxe2 Ne4 13. Nxe4 dxe4 14. g3 f5
15. Ng2 Nf6 16. Bb2 Qe8 17. Nf4 Bxf4 18. gxf4 Nd5 19. O-O-O a5 20. Rhg1 axb4
21. axb4 Ra4 22. Qe1 Rxb4 23. Rg5 Qa8 24. Qg1 Rf7 25. Qg3 Qa4 26. Qh4 Rc4+
27. Kd2 Qa5+ 28. Ke2 Rc2+ 29. Kf1 Rxb2 30. Kg2 Nxe3+ 31. Kh2 Nxd1 0-1

[Event "32. Potsdamer Weihnachtsturnier"]
[Site "Potsdam"]
[Date "2007.12.28"]
[Round "4.19"]
[White "Scheide, Helmut"]
[Black "Gädke, Peter"]
[Result "1/2-1/2"]
[ECO "D48"]
[WhiteElo "2008"]
[BlackElo "1971"]
[TimeControl "40/7200:20/3600:1800"]
[PlyCount "49"]

1. d4 d5 2. c4 c6 3. e3 Nf6 4. Nc3 e6 5. Nf3 Nbd7 6. Bd3 dxc4 7. Bxc4 b5
8. Bd3 Bb7 9. O-O a6 10. e4 b4 11. Ne2 c5 12. d5 exd5 13. e5 Ne4 14. Nf4 Qe7
15. Re1 O-O-O 16. Nxd5 Bxd5 17. Bxa6+ Bb7 18. Bxb7+ Kxb7 19. Qd5+ Kb6 20. Qxe4
h6 21. Be3 Kc7 22. Rac1 Rb8 23. e6 Qxe6 24. Bf4+ Bd6 25. Qc4 1/2-1/2

[Event "32. Potsdamer Weihnachtsturnier"]
[Site "Potsdam"]
[Date "2007.12.28"]
[Round "4.20"]
[White "Grigoleit, Steven"]
[Black "Blomel, Christopher"]
[Result "0-1"]
[ECO "C45"]
[WhiteElo "1999"]
[BlackElo "1839"]
[TimeControl "40/7200:20/3600:1800"]
[PlyCount "68"]

1. e4 e5 2. Nf3 Nc6 3. d4 exd4 4. Nxd4 Nf6 5. Nxc6 bxc6 6. Nc3 Bb4 7. Bd3 d5
8. exd5 cxd5 9. Qe2+ Qe7 10. Bb5+ Bd7 11. Qxe7+ Kxe7 12. Bxd7 Kxd7 13. Bd2
Rhe8+ 14. Kf1 d4 15. Ne4 Nxe4 16. Bxb4 Rab8 17. Ba3 Nd2+ 18. Kg1 Nc4 19. Bc5
Rxb2 20. Bxd4 Rxc2 21. Bxa7 Nb6 22. a4 Ra2 23. Rd1+ Kc6 24. g3 Ree2 25. Bxb6
Kxb6 26. Rb1+ Ka5 27. Rb5+ Kxa4 28. Rc5 Rac2 29. Rf5 Rc1+ 30. Kg2 Rxh1 31. Kxh1
Re7 32. Rc5 Kb4 33. Rc6 Kb5 34. Rc1 c5 0-1

[Event "32. Potsdamer Weihnachtsturnier"]
[Site "Potsdam"]
[Date "2007.12.28"]
[Round "4.22"]
[White "Göpel, Martin"]
[Black "Schmidt, David"]
[Result "0-1"]
[ECO "B76"]
[WhiteElo "1732"]
[BlackElo "1972"]
[TimeControl "40/7200:20/3600:1800"]
[PlyCount "64"]

1. e4 c5 2. Nf3 d6 3. d4 cxd4 4. Nxd4 Nf6 5. Nc3 g6 6. f3 Bg7 7. Be3 O-O
8. Qd2 Nc6 9. O-O-O Nxd4 10. Bxd4 Be6 11. g4 Qa5 12. Kb1 Rfc8 13. Nd5 Qxd2
14. Nxf6+ Bxf6 15. Rxd2 Bxd4 16. Rxd4 Kg7 17. Be2 a6 18. f4 f5 19. Rg1 fxg4
20. Bxg4 Bxg4 21. Rxg4 Rc5 22. c3 Rac8 23. f5 Kf6 24. fxg6 hxg6 25. Rd2 g5
26. Rf2+ Ke6 27. h4 gxh4 28. Rxh4 Re5 29. Kc2 Rg8 30. Kd3 Rg3+ 31. Kd4 b5
32. a3 Rc5 0-1

[Event "32. Potsdamer Weihnachtsturnier"]
[Site "Potsdam"]
[Date "2007.12.28"]
[Round "4.23"]
[White "Platzek, Janine"]
[Black "Steppan, Siegfried"]
[Result "1-0"]
[ECO "E91"]
[WhiteElo "2039"]
[BlackElo "1583"]
[TimeControl "40/7200:20/3600:1800"]
[PlyCount "53"]

1. Nf3 Nf6 2. d4 g6 3. c4 Bg7 4. Nc3 d6 5. e4 O-O 6. Be2 c5 7. h3 Nc6 8. Be3
h6 9. dxc5 dxc5 10. Bxc5 Qc7 11. Be3 Rd8 12. Qc1 Kh7 13. O-O a6 14. Nd5 Nxd5
15. cxd5 Qa5 16. dxc6 bxc6 17. Qc5 Qxc5 18. Bxc5 Bxb2 19. Rab1 Bg7 20. Bc4 e6
21. Rb6 Rd7 22. Rfb1 Rc7 23. Nd4 Bxd4 24. Bxd4 Rd7 25. Be5 Rd2 26. Rb8 Rxb8
27. Rxb8 1-0

[Event "32. Potsdamer Weihnachtsturnier"]
[Site "Potsdam"]
[Date "2007.12.28"]
[Round "4.24"]
[White "Kämmler, Florian"]
[Black "Schiffermüller, Stefan"]
[Result "0-1"]
[ECO "E30"]
[WhiteElo "1612"]
[BlackElo "1964"]
[TimeControl "40/7200:20/3600:1800"]
[PlyCount "32"]

1. d4 Nf6 2. c4 e6 3. Nc3 Bb4 4. Bg5 c5 5. a3 cxd4 6. Qxd4 Be7 7. Nf3 Nc6
8. Qd3 Qb6 9. b4 d6 10. Nb5 O-O 11. Rd1 a5 12. Qb3 axb4 13. axb4 d5 14. Bxf6
gxf6 15. e3 Bxb4+ 16. Nc3 Ra3 0-1

[Event "32. Potsdamer Weihnachtsturnier"]
[Site "Potsdam"]
[Date "2007.12.28"]
[Round "4.25"]
[White "Mühlhan, Klaus"]
[Black "Petrak, Falk"]
[Result "1-0"]
[ECO "C02"]
[WhiteElo "1964"]
[BlackElo "1760"]
[TimeControl "40/7200:20/3600:1800"]
[PlyCount "110"]

1. e4 e6 2. d4 d5 3. e5 c5 4. c3 Nc6 5. Nf3 Qb6 6. b3 cxd4 7. cxd4 Bb4+
8. Nbd2 Bc3 9. Rb1 Nxd4 10. a4 Bd7 11. Ba3 Nxf3+ 12. Qxf3 Qd4 13. Rd1 Qxe5+
14. Be2 Bxd2+ 15. Kxd2 Nf6 16. Bd3 Rc8 17. Rc1 Qg5+ 18. Ke2 Qe5+ 19. Kd2 Bc6
20. Rhe1 Qd4 21. Ke2 Qg4 22. h3 Qxf3+ 23. Kxf3 Kd7 24. g4 h6 25. Kf4 Ne8
26. Ke3 Nd6 27. f4 Rhe8 28. Bb2 f6 29. Bg6 Re7 30. Ba3 Rd8 31. Kd4 Kc7 32. Re3
Kb8 33. Rce1 e5+ 34. fxe5 fxe5+ 35. Rxe5 Rxe5 36. Rxe5 Kc7 37. h4 Rd7 38. h5 a5
39. Re6 Ne4 40. Re7 Nd6 41. Rxd7+ Kxd7 42. Ke5 Ne4 43. Bf8 Nd2 44. Bc2 Nf3+
45. Kf4 Nd4 46. Bf5+ Nxf5 47. Kxf5 d4 48. Bxg7 d3 49. Bxh6 Ke7 50. Bd2 Bd5
51. b4 axb4 52. Bxb4+ Kf7 53. g5 b6 54. g6+ Kg7 55. Kg5 Bg8 1-0

[Event "32. Potsdamer Weihnachtsturnier"]
[Site "Potsdam"]
[Date "2007.12.28"]
[Round "4.26"]
[White "Rolfes, Leon"]
[Black "Zimmermann, Rene´"]
[Result "0-1"]
[ECO "D00"]
[WhiteElo "1016"]
[BlackElo "1917"]
[TimeControl "40/7200:20/3600:1800"]
[PlyCount "64"]

1. d4 d5 2. e3 c6 3. c4 e6 4. Nc3 Bd6 5. c5 Bc7 6. b4 f5 7. Bd3 Nf6 8. Nf3 O-O
9. O-O Nbd7 10. Qb3 Ne4 11. Nd2 Ndf6 12. f3 Nxd2 13. Bxd2 e5 14. Rfe1 e4
15. Be2 Kh8 16. a4 exf3 17. Bxf3 Ne4 18. Re2 Bd7 19. a5 Qg5 20. Rf1 Nxd2
21. Rxd2 Qxe3+ 22. Rdf2 Qxd4 23. Ne2 Qe5 24. g3 b6 25. Kh1 bxa5 26. bxa5 Rab8
27. Qa3 Rb2 28. Qa1 Rfb8 29. a6 d4 30. Bxc6 Bxc6+ 31. Kg1 Rxe2 32. Rxf5 Rg2+
0-1

[Event "32. Potsdamer Weihnachtsturnier"]
[Site "Potsdam"]
[Date "2007.12.28"]
[Round "4.27"]
[White "Scholz, Robert"]
[Black "Geike, Eberhard"]
[Result "0-1"]
[ECO "C79"]
[WhiteElo "1914"]
[BlackElo "1739"]
[TimeControl "40/7200:20/3600:1800"]
[PlyCount "58"]

1. e4 e5 2. Nf3 Nc6 3. Bb5 d6 4. O-O Bd7 5. c3 a6 6. Ba4 Nf6 7. Re1 Be7 8. h3
O-O 9. d4 exd4 10. cxd4 d5 11. e5 Ne4 12. a3 f5 13. exf6 Bxf6 14. Bb3 Bf5
15. Bf4 Ne7 16. g4 Bg6 17. g5 Bxd4 18. Nxd4 Rxf4 19. Ne6 Qd6 20. Nxf4 Qxf4
21. Bxd5+ Nxd5 22. Qxd5+ Kh8 23. Re2 Bf5 24. Nc3 Nxg5 25. Rae1 Nxh3+ 26. Kf1
Rf8 27. Qd8 Bg6 28. Rd2 Bd3+ 29. Qxd3 Qxf2+ 0-1

[Event "32. Potsdamer Weihnachtsturnier"]
[Site "Potsdam"]
[Date "2007.12.28"]
[Round "4.28"]
[White "Karunaharamoothy, Achudan"]
[Black "Hahn, Thomas"]
[Result "0-1"]
[ECO "E73"]
[WhiteElo "1877"]
[BlackElo "1714"]
[TimeControl "40/7200:20/3600:1800"]
[PlyCount "84"]

1. d4 Nf6 2. c4 g6 3. Nc3 Bg7 4. e4 d6 5. Be2 O-O 6. Bg5 h6 7. Be3 e5 8. d5
Nbd7 9. Qd2 Kh7 10. h4 Nc5 11. f3 a5 12. g4 Ng8 13. O-O-O Bd7 14. Nh3 Kh8
15. f4 exf4 16. Bxc5 dxc5 17. Nxf4 Qe7 18. g5 Qe5 19. Nd3 Qd4 20. Qf4 Rac8
21. h5 Kh7 22. Kb1 a4 23. a3 b5 24. cxb5 Rb8 25. Kc2 c4 26. Nb4 Qc5 27. Na6 Qb6
28. Nxb8 Rxb8 29. Qxf7 Be8 30. hxg6+ Kh8 31. Qf3 Bxg6 32. Bxc4 Qc5 33. gxh6 Be5
34. Qd3 Kh7 35. Nxa4 Qf2+ 36. Rd2 Qa7 37. Nc3 Qc5 38. b4 Qa7 39. Kb3 Nf6
40. Ra2 Ra8 41. Rha1 Nxe4 42. Nxe4 Qa4# 0-1

[Event "32. Potsdamer Weihnachtsturnier"]
[Site "Potsdam"]
[Date "2007.12.28"]
[Round "4.29"]
[White "Jäger, Marco"]
[Black "Aleanakian, Gabriel"]
[Result "1/2-1/2"]
[ECO "B30"]
[WhiteElo "1867"]
[BlackElo "1650"]
[TimeControl "40/7200:20/3600:1800"]
[PlyCount "42"]

1. e4 c5 2. Nf3 Nc6 3. b3 Nf6 4. e5 Nd5 5. c4 Nc7 6. Bb2 Ne6 7. Nc3 g6 8. Ne2
Bg7 9. d4 cxd4 10. Nexd4 Qa5+ 11. Qd2 Nexd4 12. Bxd4 Qxd2+ 13. Kxd2 Nxd4
14. Nxd4 Bxe5 15. Ke3 d6 16. Rd1 Bd7 17. Bd3 a6 18. Nc2 Bc6 19. f3 O-O 20. Nb4
a5 21. Nxc6 bxc6 $11 1/2-1/2

[Event "32. Potsdamer Weihnachtsturnier"]
[Site "Potsdam"]
[Date "2007.12.28"]
[Round "4.30"]
[White "Binder, Thomas"]
[Black "Hildebrandt, Stephan"]
[Result "1-0"]
[ECO "B15"]
[WhiteElo "1832"]
[BlackElo "1559"]
[TimeControl "40/7200:20/3600:1800"]
[PlyCount "129"]

1. e4 c6 2. d4 d5 3. Nc3 g6 4. Nf3 Bg7 5. e5 f6 6. Bd3 Nd7 7. Bf4 fxe5 8. dxe5
e6 9. O-O Ne7 10. Re1 O-O 11. Bg5 Rf7 12. Bh4 Nc5 13. Bf1 Qe8 14. b4 Na6
15. Bxa6 bxa6 16. Nd4 Nf5 17. Nxf5 Rxf5 18. Bg3 Qe7 19. a3 Qc7 20. Qd4 Qb6
21. Qd3 Bb7 22. Na4 Qb5 23. Nc5 Bc8 24. Nb3 Rf7 25. Rac1 Bf8 26. c4 Qb6
27. cxd5 cxd5 28. Nc5 a5 29. Na4 Qd8 30. b5 Rb8 31. Nc5 Rc7 32. Ne4 Be7 33. Nd6
Bd7 34. a4 Rxc1 35. Rxc1 Qb6 36. Qc3 Bd8 37. Qf3 Bg5 38. Qf7+ Kh8 39. Rd1 Qd8
40. h4 Be7 41. h5 Qf8 42. hxg6 Qxf7 43. gxf7 Bxd6 44. exd6 Kg7 45. Rc1 Rc8
46. Rc7 Rxc7 47. dxc7 Kxf7 48. Be5 Bc8 49. Bc3 Ke7 50. Bxa5 e5 51. Kh2 e4
52. Kg3 Ke6 53. Kf4 h6 54. Bc3 Kd6 55. Ba5 Bd7 56. b6 axb6 57. Bxb6 Ke6 58. a5
Bc8 59. Kg4 Kf7+ 60. Kh5 Kg7 61. Be3 Kf6 62. Bd4+ Kf5 63. Kxh6 Bb7 64. Kg7 Ke6
65. g4 1-0